AoeStats
← I'm AOE2 Noob

Arena

505176556Analyzed
4v4 RM · 24d ago on Sep 8, 2026· 51m 19s· 8 players
Game mode
Random Map
Map size
Large (8 player)
Population
200
Speed
Normal
Resources
Standard
Victory
Conquest
Starting age
Dark Age
Ending age
Imperial Age
RankedLock teamsTeams togetherTeam positionsShared explorationLock speedFull tech treeHidden civsTurbo modeCheats
Victory
Defeat
🇨🇳 Jurchens · China
1611
+19
🇨🇳 Georgians · China
1587
+20
🇨🇴 Japanese · Colombia
1555
+21
🇨🇳 Britons · China
1534
+22
🇲🇽 Huns · Mexico
1765
-25
🇲🇽 Byzantines · Mexico
1694
-21
🇲🇽 Malians · Mexico
1661
-20
🇲🇽 Malay · Mexico
1567
-16
Backspace
10:33 Feudal Age
11:17 Double-Bit Axe
14:12 Castle Age
12:24 Horse Collar
15:19 Bow Saw
23:43 Wheelbarrow
25:59 Hand Cart
29:08 Imperial Age
27:16 Gold Mining
27:34 Scale Barding Armor
27:43 Forging
27:56 Heavy Plow
27:42 Loom
27:43 Town Watch
28:59 Iron Casting
28:30 Scale Barding Armor
29:35 Chain Barding Armor
29:33 Bloodlines
29:24 Husbandry
29:14 Elite Steppe Lancer
30:54 Blast Furnace
31:26 Two-Man Saw
32:15 Plate Barding Armor
35:05 Conscription
35:16 Masonry
36:13 Coinage
37:03 Gold Shaft Mining
41:05 Fletching
43:28 Capped Ram
44:15 Siege Engineers
43:57 Siege Ram
50:57 Light Cavalry
Giacomo
10:53 Feudal Age
14:31 Castle Age
12:45 Double-Bit Axe
13:01 Horse Collar
15:23 Bow Saw
16:14 Scale Mail Armor
26:07 Loom
32:22 Heavy Plow
33:10 Wheelbarrow
36:36 Imperial Age
34:10 Fletching
34:19 Gold Mining
35:00 Ballistics
34:56 Bodkin Arrow
36:29 Bloodlines
36:20 Husbandry
37:15 Padded Archer Armor
38:18 Chemistry
37:53 Thumb Ring
37:54 Bracer
38:43 Gold Shaft Mining
37:59 Stone Mining
38:28 Hand Cart
37:58 Town Watch
39:10 Heavy Cavalry Archer
40:19 Parthian Tactics
40:39 Conscription
41:03 Leather Archer Armor
42:17 Two-Man Saw
42:43 Ring Archer Armor
42:59 Siege Engineers
43:04 Masonry
45:54 Kataparuto
46:40 Scale Barding Armor
46:47 Forging
46:55 Yasama
46:47 Guard Tower
46:42 Arrowslits
46:39 Treadmill Crane
48:28 Keep
48:38 Murder Holes
51:28 Chain Mail Armor
51:35 Chain Barding Armor
51:50 Iron Casting
I'm AOE2 Noob
10:25 Feudal Age
14:00 Castle Age
12:15 Horse Collar
14:35 Wheelbarrow
15:11 Double-Bit Axe
23:25 Bow Saw
23:05 Gold Mining
29:16 Imperial Age
27:09 Bloodlines
26:59 Husbandry
27:34 Scale Barding Armor
27:39 Forging
29:27 Chain Barding Armor
29:18 Cavalier
30:43 Plate Barding Armor
30:24 Hand Cart
30:54 Forging
32:11 Iron Casting
33:20 Chemistry
32:43 Stone Mining
32:54 Heavy Plow
33:08 Fletching
34:24 Blast Furnace
33:21 Guard Tower
33:17 Arrowslits
33:42 Masonry
33:53 Ballistics
34:45 Stone Shaft Mining
34:16 Bodkin Arrow
34:59 Keep
34:53 Ballistics
34:03 Light Cavalry
35:08 Svan Towers
35:19 Bracer
35:46 Town Watch
37:51 Chemistry
37:37 Conscription
36:44 Pikeman
37:40 Squires
37:58 Halberdier
39:23 Scale Mail Armor
41:48 Aznauri Cavalry
42:33 Chain Mail Armor
44:40 Treadmill Crane
45:33 Plate Mail Armor
45:37 Architecture
46:47 Hoardings
47:06 Coinage
46:49 Capped Ram
49:47 Loom
51:23 Crop Rotation
51:07 Fortified Wall
51:18 Siege Ram
jiraiona
9:45 Feudal Age
13:26 Castle Age
11:31 Double-Bit Axe
12:07 Horse Collar
14:24 Bow Saw
20:28 Wheelbarrow
22:46 Hand Cart
24:05 Loom
27:45 Imperial Age
25:25 Fletching
25:32 Gold Mining
25:33 Stone Mining
25:47 Town Watch
25:34 Crossbowman
26:15 Padded Archer Armor
26:41 Bodkin Arrow
27:43 Ballistics
27:47 Leather Archer Armor
28:33 Bracer
27:59 Capped Ram
28:12 Arbalester
31:25 Chemistry
31:45 Ring Archer Armor
31:36 Siege Engineers
33:16 Conscription
32:24 Elite Skirmisher
33:45 Yeomen
34:36 Scale Mail Armor
34:46 Forging
34:38 Pikeman
35:18 Squires
35:03 Arson
35:42 Halberdier
36:39 Chain Mail Armor
36:59 Iron Casting
39:17 Plate Mail Armor
39:48 Blast Furnace
40:46 Heavy Plow
44:47 Town Patrol
45:49 Two-Man Saw
46:21 Gold Shaft Mining
45:55 Murder Holes
45:40 Treadmill Crane
46:10 Masonry
51:14 Architecture
50:56 Fortified Wall
UXKEKO
11:45 Feudal Age
15:23 Castle Age
13:49 Horse Collar
14:02 Double-Bit Axe
16:24 Bow Saw
24:13 Wheelbarrow
25:26 Hand Cart
29:32 Imperial Age
26:49 Loom
27:37 Scale Barding Armor
27:36 Heavy Plow
27:29 Gold Mining
27:29 Stone Mining
28:21 Forging
28:24 Bloodlines
28:14 Husbandry
29:01 Chain Barding Armor
30:10 Iron Casting
29:35 Cavalier
30:51 Plate Barding Armor
32:23 Conscription
32:07 Paladin
35:02 Blast Furnace
35:26 Gold Shaft Mining
38:17 Fletching
38:49 Ballistics
39:40 Bodkin Arrow
42:44 Light Cavalry
44:18 Murder Holes
45:24 Chemistry
46:46 Scale Mail Armor
46:47 Bracer
47:19 Squires
47:21 Pikeman
48:25 Chain Mail Armor
eL| Barry_Allen
11:18 Feudal Age
15:31 Castle Age
13:25 Double-Bit Axe
13:23 Horse Collar
14:37 Fletching
16:31 Bow Saw
19:23 Loom
24:04 Fortified Wall
23:29 Crossbowman
25:36 Bodkin Arrow
35:23 Wheelbarrow
35:23 Heavy Plow
35:57 Ballistics
35:49 Gold Mining
35:49 Stone Mining
40:04 Imperial Age
38:00 Hand Cart
38:07 Padded Archer Armor
39:39 Leather Archer Armor
40:05 Thumb Ring
40:14 Arbalester
41:25 Bracer
41:47 Conscription
41:05 Elite Skirmisher
42:32 Ring Archer Armor
43:22 Chemistry
43:39 Hoardings
48:05 Scale Mail Armor
48:16 Forging
48:53 Squires
49:36 Chain Mail Armor
49:10 Pikeman
50:55 Halberdier
Ux'Yazidelasnieves
12:21 Feudal Age
15:09 Castle Age
13:17 Double-Bit Axe
13:32 Horse Collar
15:05 Bow Saw
16:56 Wheelbarrow
21:44 Hand Cart
27:51 Imperial Age
25:06 Loom
25:06 Town Watch
26:08 Ballistics
25:58 Fletching
26:09 Padded Archer Armor
27:00 Bodkin Arrow
28:39 Chemistry
28:11 Heavy Plow
28:47 Leather Archer Armor
28:34 Bracer
27:58 Elite Skirmisher
29:18 Leather Archer Armor
29:24 Thumb Ring
30:42 Conscription
31:28 Ring Archer Armor
31:09 Forging
32:09 Pikeman
32:49 Squires
32:46 Halberdier
34:28 Iron Casting
34:42 Masonry
40:59 Blast Furnace
40:01 Elite Karambit Warrior
eL|Hooligan
10:40 Feudal Age
11:38 Double-Bit Axe
14:27 Castle Age
12:40 Double-Bit Axe
12:35 Horse Collar
13:22 Horse Collar
14:59 Wheelbarrow
15:46 Bow Saw
15:39 Heavy Plow
23:41 Hand Cart
27:39 Imperial Age
24:56 Town Watch
25:16 Loom
26:35 Scale Barding Armor
26:41 Forging
26:22 Gold Mining
26:23 Stone Mining
27:19 Husbandry
27:30 Bloodlines
27:43 Cavalier
27:46 Heavy Camel Rider
28:48 Chain Barding Armor
29:03 Iron Casting
28:59 Crop Rotation
30:04 Plate Barding Armor
30:06 Capped Ram
32:45 Gold Shaft Mining
35:43 Coinage
35:42 Farimba
36:03 Conscription
36:48 Chemistry
36:08 Ballistics
36:17 Fletching
36:48 Pikeman
37:28 Squires
37:24 Bodkin Arrow
40:31 Banking
40:27 Scale Mail Armor
40:08 Treadmill Crane
40:24 Murder Holes
40:39 Masonry
40:34 Tigui
40:37 Light Cavalry
43:05 Guilds
43:21 Fortified Wall
44:36 Architecture
44:44 Hoardings
47:19 Caravan
Connection lost

Rejoining the realm…

Still unreachable

The connection could not be restored.

Session expired

The server has moved on; the page needs a fresh start.